 Dungeon Crawl Stone Soup version 0.25-a0-306-g3faca94 (webtiles) character file.

Game seed: 2732840281102832428, levelgen mode: deterministic

1155 Lazyguy211 the Gusty (level 8, -8/42 HPs)
             Began as a Tengu Air Elementalist on Dec 20, 2019.
             Was an Initiate of Sif Muna.
             Shot with an arrow by a centaur (10 damage)
             ... on level 6 of the Dungeon.
             The game lasted 00:27:03 (7190 turns).

Lazyguy211 the Gusty (Tengu Air Elementalist)       Turns: 7190, Time: 00:27:03

Health: -8/42      AC:  4    Str:  9    XL:     8   Next: 39%
Magic:  12/18      EV: 13    Int: 18    God:    Sif Muna [......]
Gold:   322        SH:  0    Dex: 14    Spells: 9/19 levels left

rFire    . . .     SeeInvis .   k - +0 dagger
rCold    . . .     Gourm    .   (no shield)
rNeg     . . .     Faith    .   a - +0 robe
rPois    .         Spirit   .   (helmet restricted)
rElec    .         Reflect  .   e - +1 cloak
rCorr    .         Harm     .   (no gloves)
MR       +....                  (boots unavailable)
Stlth    ++........             (no amulet)
HPRegen  0.14/turn              j - ring of protection from magic
MPRegen  0.16/turn              (no ring)

@: no status effects
A: beak, talons 3, able to fly
a: Fly, Renounce Religion


You were on level 6 of the Dungeon.
You worshipped Sif Muna.
Sif Muna was noncommittal.
You were not hungry.

You visited 2 branches of the dungeon, and saw 7 of its levels.

You collected 322 gold pieces.

Inventory:

Hand Weapons
 k - a +0 dagger (weapon)
Armour
 a - a +0 robe (worn)
 e - a +1 cloak (worn)
Jewellery
 j - a ring of protection from magic (left hand)
Wands
 p - a wand of flame (12)
Scrolls
 b - a scroll of blinking {unknown}
 d - 3 scrolls of teleportation
 f - a scroll of remove curse
Potions
 g - a potion of agility {unknown}
 h - 2 potions of mutation {unknown}
 i - 4 potions of curing
 l - a potion of lignification {unknown}
 m - a potion of brilliance {unknown}
 n - a potion of degeneration {unknown}
 o - a potion of magic {unknown}
Comestibles
 c - 8 rations
 q - a chunk of flesh


   Skills:
 - Level 0.8 Fighting
 + Level 0.1 Short Blades
 - Level 2.4 Dodging
 - Level 2.1 Stealth
 * Level 6.3 Spellcasting
 + Level 6.5 Conjurations
 + Level 7.4 Air Magic


You had 9 spell levels left.
You knew the following spells:

 Your Spells              Type           Power        Failure   Level  Hunger
a - Shock                 Conj/Air       ####         1%          1    None
b - Static Discharge      Conj/Air       ####....     1%          3    ##.....
c - Airstrike             Air            ####......   5%          4    ####...
d - Swiftness             Chrm/Air       ###.....     3%          2    None

Your spell library contained the following spells:

 Spells                   Type           Power        Failure   Level  Hunger
 Lightning Bolt           Conj/Air       ####......   19%         5    #####..


Dungeon Overview and Level Annotations

Branches:
Dungeon (6/15)             Temple (1/1) D:5

Altars:
Ashenzari
Cheibriados
Dithmenos
Elyvilon
Fedhas
Hepliaklqana
Kikubaaqudgha
Okawaru
Ru
Sif Muna
Trog
Uskayaw
Vehumet
Xom
Yredelemnul
Zin
The Shining One


Innate Abilities, Weirdness & Mutations

You have a beak for a mouth.
You have claws for feet.
You can fly continuously.


Message History

Casting: Shock (safe; 1% risk of failure)
Confirm with . or Enter, or press ? or * to list all spells.
Aiming: Airstrike (safe; 5% risk of failure)
Press: ? - help, Dir - move target cursor, f/p - centaur
Aim: a centaur, wielding a +0 shortbow and quivering 13 arrows (lightly wounded)
The air twists around and strikes the centaur!
The centaur is almost dead.
The centaur shoots an arrow.
The arrow hits you!
The centaur shoots an arrow.
The arrow hits you!
Casting: Airstrike (safe; 5% risk of failure)
Confirm with . or Enter, or press ? or * to list all spells.
Aiming: Shock (safe; 1% risk of failure)
Press: ? - help, Shift-Dir - straight line, f/p - centaur
Aim: a centaur, wielding a +0 shortbow and quivering 11 arrows (almost dead)
The zap hits the centaur.
The centaur is almost dead.
The centaur shoots an arrow.
The arrow hits you!
* * * LOW HITPOINT WARNING * * *
The centaur shoots an arrow.
The arrow hits you!
You die...

.......<.#
########.#
##c# .# #...
.. ...# ##.
#..# .#
#..###### # #
#........
#.###........
#...@(..#
####.##.#
#.##.# #.##.#
#.##.# #.##.#
#.##.# #.##.#
#.##<#


You could see a centaur.

Vanquished Creatures
  Duvessa (D:4)
  An orc warrior (D:4)
  An ogre (D:5)
  A scorpion (D:5)
  Dowan (D:4)
  A howler monkey (D:4)
  A vampire bat (D:4)
  4 crimson imps (D:5)
  3 orc wizards
  2 centaur skeletons
  A hound (D:5)
  A bullfrog skeleton (D:5)
  2 iguanas
  2 worker ants (D:4)
  A hound skeleton (D:5)
  4 adders
  4 gnolls (D:5)
  3 worms
  3 dart slugs
  3 fire bats (D:4)
  4 leopard geckos
  10 orcs
  2 spectral bats (D:4)
  A ball python (D:5)
  3 bat skeletons (D:4)
  A bat zombie (D:4)
  3 giant cockroaches
  3 goblins
  7 hobgoblins
  7 jackals
  2 quokkas
  12 bats
  A bat simulacrum (D:4)
  2 frilled lizards
  A jackal skeleton (D:4)
  8 kobolds
  5 rats
  A spectral orc (D:5)
113 creatures vanquished.

Notes
Turn   | Place    | Note
-------+----------+-------------------------------------------
     0 | D:1      | Lazyguy211 the Tengu Air Elementalist began the quest for
                  | the Orb.
     0 | D:1      | Reached XP level 1. HP: 10/10 MP: 4/4
   430 | D:1      | Reached XP level 2. HP: 13/15 MP: 0/6
  1263 | D:2      | Reached XP level 3. HP: 19/19 MP: 0/7
  1593 | D:2      | Learned a level 3 spell: Static Discharge
  2222 | D:2      | Reached skill level 5 in Air Magic
  2880 | D:3      | Reached XP level 4. HP: 24/24 MP: 4/8
  3318 | D:5      | Entered Level 5 of the Dungeon
  3602 | D:4      | Gained mutation: You can fly continuously. [Tengu growth]
  3602 | D:4      | Reached XP level 5. HP: 26/28 MP: 6/10
  3998 | D:4      | Reached XP level 6. HP: 32/32 MP: 4/12
  4374 | D:4      | Noticed an orc warrior
  4617 | D:5      | HP: 1/32 [orc wizard/puff of flame (8)]
  4930 | D:4      | Found a shimmering blue altar of Sif Muna.
  4935 | D:4      | Became a worshipper of Sif Muna the Loreminder
  4939 | D:4      | Reached skill level 5 in Conjurations
  4939 | D:4      | Reached skill level 6 in Air Magic
  4973 | D:4      | Reached XP level 7. HP: 26/36 MP: 7/14
  5079 | D:4      | Noticed Dowan
  5081 | D:4      | Noticed Duvessa
  5084 | D:4      | Killed Dowan
  5091 | D:4      | Killed Duvessa
  5091 | D:4      | Reached skill level 5 in Spellcasting
  5103 | D:4      | Found a glowing golden altar of the Shining One.
  5787 | D:4      | Found a glowing silver altar of Zin.
  5787 | D:4      | Found an ancient bone altar of Kikubaaqudgha.
  6095 | D:5      | Found an iron altar of Okawaru.
  6109 | D:5      | Reached XP level 8. HP: 42/42 MP: 10/17
  6334 | D:5      | Found a hide-covered altar of Uskayaw.
  6335 | D:5      | Found a sacrificial altar of Ru.
  6354 | D:5      | Found a basalt altar of Yredelemnul.
  6824 | D:5      | Found a staircase to the Ecumenical Temple.
  6833 | Temple   | Entered the Ecumenical Temple
  6959 | D:5      | Reached skill level 7 in Air Magic
  7165 | D:5      | Learned a level 4 spell: Airstrike
  7168 | D:5      | Learned a level 2 spell: Swiftness
  7189 | D:6      | HP: 2/42 [centaur/arrow (11)]
  7190 | D:6      | Shot with an arrow by a centaur

Levels and vault maps discovered:
D:1:      lightli_arrival_boilingwater, layout_loops_ring, serial_forest,
          infiniplex_forest_straight_2, infiniplex_forest_join,
          infiniplex_forest_clump_small, infiniplex_forest_end_double,
          infiniplex_forest_clump_small, infiniplex_forest_clump_medium,
          infiniplex_forest_lined_4_way, minmay_misc_feat_room
D:2:      layout_rooms, minmay_misc_feat_diagonals, minmay_domino_4
D:3:      layout_basic, first_ration
D:4:      layout_rooms, old_standard_altar, led_sif_book,
          gammafunk_temple_overflow_pools, minivault_5, goddamned_bats,
          uniq_duvessa
D:5:      layout_gridville, grunt_temple_overflow_open,
          yredelemnul_forgotten_temple_becter, lemuel_temple_firewalk_b,
          okawaru_trees_1
D:6:      layout_loops_ring, nicolae_gozag_seed_capital, gammafunk_ghost_split
Temple:   eino_temple_lava

Skill      XL: |  1  2  3  4  5  6  7  8 |
---------------+-------------------------+-----
Conjurations   | 2 3 4 5 6 |  6.5
Air Magic      | 5 6 7 |  7.4
Spellcasting   | 3 4 5 6 |  6.3
Fighting       | |  0.8
Short Blades   | |  0.1
Dodging        | |  2.4
Stealth        | |  2.1

Action                   |  1- 3 |  4- 6 |  7- 9 || total
-------------------------+-------+-------+-------++-------
Melee: Unarmed           |     8 |       |       ||     8
       Kick              |     3 |     1 |       ||     4
       Dagger            |    10 |     8 |       ||    18
 Cast: Shock             |   108 |   118 |   115 ||   341
       Static Discharge  |       |     2 |     6 ||     8
       Airstrike         |       |       |     1 ||     1
  Use: Potion            |       |     1 |     1 ||     2
       Scroll            |       |       |     4 ||     4
  Eat: Chunk             |     8 |     7 |     3 ||    18
       Ration            |       |       |     1 ||     1
Armor: Robe              |    32 |    21 |     6 ||    59
Dodge: Dodged            |    64 |    75 |    18 ||   157

Table legend:
 A = Non-vault XP
 B = Vault XP
 C = Vault XP percentage of total XP
 D = Non-vault monster count
 E = Vault monster count
 F = Vault count percentage of total count
                 A         B        C        D         E       F
            +---------+---------+-------+---------+---------+-------
      Total |    1181 |     470 |  28.5 |      87 |      26 |  23.0
            +---------+---------+-------+---------+---------+-------
        D:1 |      30 |       0 |   0.0 |      16 |       0 |   0.0
        D:2 |      46 |       1 |   2.1 |      21 |       1 |   4.5
        D:3 |      23 |       0 |   0.0 |      10 |       0 |   0.0
        D:4 |     375 |     468 |  55.5 |      16 |      24 |  60.0
        D:5 |     707 |       1 |   0.1 |      24 |       1 |   4.0
            +---------+---------+-------+---------+---------+-------
